 Dungeon Crawl Stone Soup version 0.29-a0-1065-g47a6bb87d6 (webtiles) character file.

Game seed: 11219644003066003713

273 nickcage the Basher (level 6, -1/50 HPs)
             Began as a Minotaur Gladiator on Aug 18, 2022.
             Slain by a gnoll
             ... wielding a +1 whip of freezing
             ... led by a gnoll bouda
              (4 damage)
             ... on level 4 of the Dungeon.
             The game lasted 00:05:05 (3329 turns).

nickcage the Basher (Minotaur Gladiator)            Turns: 3329, Time: 00:05:06

Health: -1/50      AC:  8    Str: 21    XL:     6   Next: 2%
Magic:  14/14      EV:  8    Int:  7    God:
Gold:   241        SH:  0    Dex: 11    Spells: 5/5 levels left

rFire   . . .      SeeInvis .   e - +7 whip "Trog's Wrath" {speed, rN+ MP+9 Int+2}
rCold   . . .      Faith    .   (no shield)
rNeg    + . .      Spirit   .   l - +0 chain mail
rPois   .          Reflect  .   c - +0 hat
rElec   .          Harm     .   (no cloak)
rCorr   .          Rampage  .   (no gloves)
Will    .....                   (no boots)
Stlth   ..........              (no amulet)
HPRegen 0.16/turn               (no ring)
MPRegen 0.14/turn               (no ring)

@: no status effects
A: horns 2, retaliatory headbutt
a: no special abilities


You were on level 4 of the Dungeon.
You visited 1 branch of the dungeon, and saw 4 of its levels.

You collected 241 gold pieces.

Inventory:

Hand Weapons
 a - a +0 flail
 e - the +7 whip "Trog's Wrath" (weapon) {speed, rN+ MP+9 Int+2}
   (You found it on level 2 of the Dungeon)

   Attacks with this weapon are significantly faster.
   Int:       It affects your intelligence (+2).
   rN:        It protects you from negative energy.
   MP:        It affects your magic capacity (+9).
 t - a +0 morningstar
Missiles
 d - 3 throwing nets (quivered)
Armour
 b - a +0 leather armour
 c - a +0 hat (worn)
 l - a +0 chain mail (worn)
Wands
 q - a wand of charming (19)
Scrolls
 f - 2 scrolls of amnesia {unknown}
 g - 2 scrolls of enchant armour {unknown}
 h - 3 scrolls of teleportation {unknown}
 j - 6 scrolls of identify {unknown}
 k - 2 scrolls of summoning {unknown}
 m - 2 scrolls of vulnerability {unknown}
 n - 3 scrolls of fear {unknown}
Potions
 i - a potion of brilliance {unknown}
 o - a potion of degeneration {unknown}
 p - a potion of cancellation {unknown}
 r - a potion of mutation {unknown}
 s - a potion of curing {unknown}


   Skills:
 - Level 2.4 Fighting
 + Level 8.2 Maces & Flails
 - Level 2.0 Throwing
 - Level 3.2 Dodging


You had 5 spell levels left.
You didn't know any spells.
Your spell library contained the following spells:

 Spells                   Type           Power      Damage    Failure   Level
 Blink                    Tloc           0%         N/A       100%        2
 Sublimation of Blood     Necr           0%         N/A       100%        2
 Lesser Beckoning         Tloc           0%         N/A       100%        3
 Petrify                  Tmut/Erth      0%         N/A       100%        4
 Irradiate                Conj/Tmut      0%         3d11      100%        5
 Manifold Assault         Tloc           0%         N/A       100%        5
 Summon Forest            Summ/Tloc      0%         N/A       100%        5
 Summon Mana Viper        Hex/Summ       0%         N/A       100%        5
 Summon Cactus Giant      Summ           0%         N/A       100%        6


Dungeon Overview and Level Annotations

Branches:
Dungeon (4/15)
 Temple: D:4-7

Altars:


Innate Abilities, Weirdness & Mutations

You have a pair of horns on your head.
You reflexively headbutt those who attack you in melee.


Message History

You hit the gnoll.
You kill the gnoll!
You have reached level 6!
The gnoll bouda closely misses you. The gnoll closely misses you.
The gnoll bouda gazes fiercely through you!
You feel as though you will be weak longer.
The gnoll hits you but does no damage.
You hit the gnoll bouda.
The gnoll bouda is lightly wounded.
The gnoll hits you with a +1 whip of freezing.
The gnoll freezes you.
You hit the gnoll bouda but do no damage.
The gnoll bouda is lightly wounded.
The gnoll bouda hits you with a +0 spear.
The gnoll closely misses you. The gnoll attacks as you move away!
The gnoll hits you with a +1 whip of freezing.
The gnoll freezes you.
The gnoll bouda hits you with a +0 spear.
The gnoll attacks as you move away!
The gnoll hits you with a +1 whip of freezing!
The gnoll freezes you.
The gnoll bouda attacks as you move away!
The gnoll bouda hits you with a +0 spear.
* * * LOW HITPOINT WARNING * * *
The gnoll hits you but does no damage.
You see here an adder corpse.
You see here an orc corpse.
Your attacks no longer feel as feeble.
The gnoll hits you with a +1 whip of freezing.
* * * LOW HITPOINT WARNING * * *
The gnoll freezes you.
* * * LOW HITPOINT WARNING * * *
The gnoll hits you but does no damage. The gnoll attacks as you move away!
The gnoll hits you with a +1 whip of freezing!
* * * LOW HITPOINT WARNING * * *
The gnoll freezes you.
You die...

## . #. #.. #... # #.# .#.##
#. ..### #...# #.#####... #
#...# ...#...# .. #...#
#.#.#g## #
.#.####...#####.†gg#.#.#
............).##@#..g..#
...........)...).####.......
#..........!#### .###...
#####<..##### .# . #...# .#
#...# .# #...# .# ...## .#
....#


You could see a gnoll bouda and 2 gnolls.

Vanquished Creatures
  An orc priest (D:4)
  Jessica (D:2)
  Natasha (twice) (D:3)
  An orc wizard (D:4)
  Robin (D:2)
  3 adders
  2 gnolls
  A white imp (D:3)
  3 orcs
  4 ball pythons
  5 bats
  6 endoplasms
  3 giant cockroaches (D:3)
  11 hobgoblins
  4 jackals (D:3)
  7 kobolds
  A quokka (D:1)
  5 frilled lizards
  12 goblins
  2 rats
  A spectral goblin (D:1)
76 creatures vanquished.

Notes
Turn   | Place    | Note
-------+----------+-------------------------------------------
     0 | D:1      | nickcage the Minotaur Gladiator began the quest for the
                  | Orb.
     0 | D:1      | Reached XP level 1. HP: 18/18 MP: 0/0
   155 | D:1      | Reached skill level 4 in Maces & Flails
   353 | D:1      | Reached XP level 2. HP: 24/25 MP: 1/1
   862 | D:1      | Found a faded altar of an unknown god.
   929 | D:1      | Reached skill level 5 in Maces & Flails
  1013 | D:1      | Reached XP level 3. HP: 30/30 MP: 2/2
  1299 | D:2      | Noticed Jessica
  1308 | D:2      | Killed Jessica
  1309 | D:2      | Reached skill level 6 in Maces & Flails
  1309 | D:2      | Reached XP level 4. HP: 36/37 MP: 3/3
  1312 | D:2      | Identified the +7 whip "Trog's Wrath" {speed, rN+ MP+9
                  | Int+2}
  2058 | D:2      | Identified the +3 helmet "Cutax" {+Inv Int+5 Stlth-}
  2058 | D:2      | Noticed Robin
  2078 | D:2      | Killed Robin
  2851 | D:3      | Noticed Natasha
  2856 | D:3      | Killed Natasha
  2857 | D:3      | Reached skill level 7 in Maces & Flails
  2857 | D:3      | Reached XP level 5. HP: 42/42 MP: 4/4
  3227 | D:3      | Noticed Natasha
  3231 | D:3      | Killed Natasha
  3308 | D:4      | Reached skill level 8 in Maces & Flails
  3320 | D:4      | Reached XP level 6. HP: 47/50 MP: 5/5
  3329 | D:4      | Slain by a gnoll

Illustrated notes

Levels and vault maps discovered:
D:1:      lightli_iron_boxes, layout_basic,
          dreamdust_ecumenical_altar_drowned_temple
D:2:      layout_basic, chequers_serial_rivers_large_b,
          chequers_serial_rivers_micro_d, kennysheep_doodads,
          hangedman_decor_peaks_small, nicolae_elevator_lobby_plus, uniq_robin,
          uniq_jessica
D:3:      layout_basic, minmay_cupped, uniq_natasha
D:4:      layout_loops_cross, lemuel_crystal_altar,
          minmay_temple_entry_sparse_star

Skill      XL: |  1  2  3  4  5 |
---------------+----------------+-----
Maces & Flails | 4 5 6 7 8 |  8.2
Fighting       | |  2.4
Throwing       | |  2.0
Dodging        | |  3.2

Action                   |  1- 3 |  4- 6 || total
-------------------------+-------+-------++-------
Melee: Flail             |    63 |       ||    63
       Headbutt          |     9 |    14 ||    23
       Whip              |       |    99 ||    99
Throw: Javelin           |     1 |       ||     1
Armor: Leather armour    |    21 |     1 ||    22
       Chain mail        |       |    26 ||    26
Dodge: Dodged            |    62 |    31 ||    93

Table legend: (Time is in decaauts)
 A = Elapsed time spent in this place.
 B = Non-inter-level travel time spent in this place.
 C = Inter-level travel time spent in this place.
 D = Time resting spent in this place.
 E = Time spent auto-exploring this place.
 F = Levels seen in this place.
 G = Mean time per level.
                   A        B        C        D        E       F      G
               +--------+--------+--------+--------+--------+-----+--------+
         Total |   3334 |   3256 |     78 |    362 |   2531 |   4 |  833.5 |
       Dungeon |   3334 |   3256 |     78 |    362 |   2531 |   4 |  833.5 |
               +--------+--------+--------+--------+--------+-----+--------+

Top non-repeatable levels by time:
     D:1: 1225 daAuts
     D:2: 1219 daAuts
     D:3: 849 daAuts
     D:4: 41 daAuts
